 Dungeon Crawl Stone Soup version 0.31.0-11-ge490571c62 (webtiles) character file.

Game seed: 11314572633677076867

127 qw the Shooter (level 4, 11/11 HPs)
             Began as a Spriggan Hunter on Feb 4, 2024.
             Quit the game on level 3 of the Dungeon on Feb 5, 2024.
             The game lasted 01:10:24 (17395 turns).

qw the Shooter (Spriggan Hunter)                   Turns: 17395, Time: 01:10:25

Health: 11/11      AC:  2    Str:  7    XL:     4   Next: 85%
Magic:  5/5        EV: 20    Int: 10    God:
Gold:   95         SH:  0    Dex: 20    Spells: 3/3 levels left

rFire   . . .        a - +2 shortbow
rCold   . . .        (shield currently unavailable)
rNeg    . . .        c - +0 robe
rPois   .            (helmet restricted)
rElec   .            (no cloak)
rCorr   .            (gloves unavailable)
SInv    +            (boots unavailable)
Will    .....        (no amulet)
Stlth   ++           (no ring)
HPRegen 0.21/turn    (no ring)
MPRegen 0.09/turn

%: no passive effects
@: bezotted, very quick
A: very small, no large weapons, unfitting armour, see invisible, speed 3
a: no special abilities


You were on level 3 of the Dungeon.
You visited 1 branch of the dungeon, and saw 3 of its levels.

You collected 95 gold pieces.


Innate Abilities, Weirdness & Mutations

You are very small and have problems with some larger weapons.
You are too small for most types of armour.
You have supernaturally acute eyesight. (SInv)
You cover ground extremely quickly. (Speed+++)


   Skills:
 - Level 2.0 Fighting
 + Level 5.1 Ranged Weapons
 - Level 5.0 Dodging
 - Level 1.5 Stealth


You had 3 spell levels left.
You didn't know any spells.
Your spell library was empty.

Inventory:

Hand Weapons
 a - a +2 shortbow (weapon)
Armour
 c - a +0 robe (worn)
Wands
 h - a wand of mindburst (13)
Scrolls
 b - a scroll of revelation {unknown}
 e - 2 scrolls of teleportation
 g - 3 scrolls of poison {unknown}
Potions
 d - 2 potions of curing
 f - a potion of magic {unknown}

Dungeon Overview and Level Annotations

Branches:
Dungeon (3/15) Zot: 542

Altars:

Shops:
D:3 [


Message History

You shoot an arrow. The arrow hits the quokka.
You kill the quokka!
Found a long sword.
You see here a +0 long sword.
You now have 95 gold pieces (gained 7).
Found an escape hatch in the floor.
You open the door.
There is an open door here.
There is an escape hatch in the floor here.
A kobold comes into view. It is wielding a +0 short sword.
You shoot an arrow. The arrow hits the kobold!
You kill the kobold!
An endoplasm comes into view.
The endoplasm quivers.
Enter note:
Enter note:
Enter note:
Enter note:
Enter note: You shoot an arrow.
The arrow hits the endoplasm!
You kill the endoplasm!
A ribbon worm comes into view.
Found 4 darts of dispersal.
You shoot an arrow. The arrow hits the ribbon worm!
The ribbon worm is heavily wounded.
You shoot an arrow. The arrow hits the ribbon worm.
The ribbon worm is heavily wounded.
You shoot an arrow. The arrow hits the ribbon worm.
The ribbon worm is heavily wounded.
You shoot an arrow. The arrow hits the ribbon worm!
You kill the ribbon worm!
Found a leather armour.
h - a wand of mindburst (13)
You see here 4 darts of dispersal.
A hobgoblin comes into view.
You shoot an arrow. The arrow closely misses the hobgoblin.
You shoot an arrow. The arrow closely misses the hobgoblin.
You shoot an arrow. The arrow hits the hobgoblin.
The hobgoblin is heavily wounded.
Are you sure you want to abandon this character and quit the game? (Confirm with "yes".)

..................#
..................#
..................#
..................##
................%..##########
.................#....[......
.... ...........##.########
.... ...........(.........
.... ..."....@###..######
.... .......g# #..# ....
......... ...# ### ....
............## #.# ....
..........#.########.# ##..
..##...####.#<.......### # #.
. ##.. ########...... ####
#.# .~)~......### ...##
.~~~.........


You could see a hobgoblin.

Vanquished Creatures
  5 adders
  2 dart slugs (D:2)
  4 ribbon worms
  An orc (D:3)
  3 ball pythons
  5 endoplasms
  2 giant cockroaches
  9 goblins
  8 hobgoblins
  2 jackals (D:3)
  3 quokkas
  7 bats
  3 frilled lizards (D:1)
  6 kobolds
  6 rats
66 creatures vanquished.

Notes
Turn   | Place    | Note
-------+----------+-------------------------------------------
     0 | D:1      | qw the Spriggan Hunter began the quest for the Orb.
     0 | D:1      | Reached XP level 1. HP: 10/10 MP: 2/2
     0 | D:1      | 0 ||| qw: Version: 0.3-a-160-g6735b56
     0 | D:1      | 0 ||| qw: Game counter: 6120
     0 | D:1      | 0 ||| qw: Melee chars always use a shield: true
     0 | D:1      | 0 ||| qw: God list: Okawaru
     0 | D:1      | 0 ||| qw: Allow faded altars: false
     0 | D:1      | 0 ||| qw: Do Orc after clearing Dungeon:15 true
     0 | D:1      | 0 ||| qw: Do second Lair branch before Depths: true
     0 | D:1      | 0 ||| qw: Lair rune preference: random
     0 | D:1      | 0 ||| qw: Goals: Normal
     0 | D:1      | 0 ||| PLANNING D:1-11
    38 | D:1      | Reached skill level 3 in Dodging
   159 | D:1      | Reached XP level 2. HP: 14/14 MP: 3/3
   354 | D:1      | Found a faded altar of an unknown god.
   509 | D:1      | 509 ||| READING scroll labelled APE WUYMIHIELEOT.
   510 | D:1      | 510 ||| DRINKING 2 white potions.
   511 | D:1      | 511 ||| DROPPING scroll of butterflies.
   594 | D:2      | Reached XP level 3. HP: 18/18 MP: 4/4
   740 | D:2      | 740 ||| FLEEEEING.
   741 | D:2      | 741 ||| FLEEEEING.
   742 | D:2      | 742 ||| FLEEEEING.
   743 | D:2      | 743 ||| FLEEEEING.
   744 | D:2      | 744 ||| FLEEEEING.
   746 | D:2      | 746 ||| FLEEEEING.
   748 | D:2      | 748 ||| FLEEEEING.
   798 | D:2      | Reached XP level 4. HP: 18/22 MP: 5/5
  1453 | D:2      | 1453 ||| READING 2 scrolls labelled TIZXEDGH ZACEF.
  1453 | D:2      | 1453 ||| IDENTIFYING scroll labelled GAOFOE HODO
  1454 | D:2      | 1454 ||| READING scroll of enchant weapon.
  1454 | D:2      | 1454 ||| ENCHANTING +0 shortbow.
  1455 | D:2      | 1455 ||| READING scroll of identify.
  1455 | D:2      | 1455 ||| IDENTIFYING scroll labelled KANLIO YGULL
  1456 | D:2      | 1456 ||| READING 2 scrolls labelled ASOUTE QEINAL.
  1460 | D:2      | 1460 ||| READING 3 scrolls labelled GUMOYGOO ISUEN.
  1461 | D:2      | 1461 ||| READING scroll labelled ASIL ILOAHAU.
  1562 | D:2      | 1562 ||| DROPPING 2 scrolls of fog.
  1563 | D:2      | 1563 ||| DROPPING scroll of immolation.
  1693 | D:3      | Found Tatom's Antique Armour Shop.
  1791 | D:3      | 1791 ||| READING scroll labelled NOUT DOSILLE.
 14450 | D:2      | Glimpsed the power of Zot.
 14850 | D:2      | Glimpsed the power of Zot.
 15170 | D:2      | Glimpsed the power of Zot.
 15250 | D:2      | Touched by the power of Zot (MHP 23 -> 17)
 15251 | D:2      | Glimpsed the power of Zot.
 15651 | D:2      | Glimpsed the power of Zot.
 15971 | D:2      | Glimpsed the power of Zot.
 16050 | D:2      | Touched by the power of Zot (MHP 18 -> 12)
 16051 | D:2      | Glimpsed the power of Zot.
 16451 | D:2      | Glimpsed the power of Zot.
 16771 | D:2      | Glimpsed the power of Zot.
 16850 | D:2      | Touched by the power of Zot (MHP 14 -> 9)
 16851 | D:2      | Glimpsed the power of Zot.
 16992 | D:3      | 16992 ||| qw: Version: 0.3-a-160-g6735b56
 16992 | D:3      | 16992 ||| qw: Game counter: 6120
 16992 | D:3      | 16992 ||| qw: Melee chars always use a shield: true
 16992 | D:3      | 16992 ||| qw: God list: Okawaru
 16992 | D:3      | 16992 ||| qw: Allow faded altars: false
 16992 | D:3      | 16992 ||| qw: Do Orc after clearing Dungeon:15 true
 16992 | D:3      | 16992 ||| qw: Do second Lair branch before Depths: true
 16992 | D:3      | 16992 ||| qw: Lair rune preference: random
 16992 | D:3      | 16992 ||| qw: Goals: Normal
 16992 | D:3      | 16992 ||| PLANNING D:1-11
 17033 | D:3      | 17033 ||| qw: Version: 0.3-a-160-g6735b56
 17033 | D:3      | 17033 ||| qw: Game counter: 6120
 17033 | D:3      | 17033 ||| qw: Melee chars always use a shield: true
 17033 | D:3      | 17033 ||| qw: God list: Okawaru
 17033 | D:3      | 17033 ||| qw: Allow faded altars: false
 17033 | D:3      | 17033 ||| qw: Do Orc after clearing Dungeon:15 true
 17033 | D:3      | 17033 ||| qw: Do second Lair branch before Depths: true
 17033 | D:3      | 17033 ||| qw: Lair rune preference: random
 17033 | D:3      | 17033 ||| qw: Goals: Normal
 17033 | D:3      | 17033 ||| PLANNING D:1-11
 17263 | D:3      | 17263 ||| READING scroll of enchant weapon.
 17263 | D:3      | 17263 ||| ENCHANTING +1 shortbow.
 17395 | D:3      | Quit the game

Levels and vault maps discovered:
D:1:      roderic_crop_circles_arrival_small, layout_basic,
          shapermc_ecumenical_altar_mp_urbaneastern, dreamdust_princess_corridor
D:2:      layout_basic, serial_glass, glass_columns_a, glass_columns_a
D:3:      layout_basic, kennysheep_okawaru_gauntlet, serial_shops,
          shop_fountains, chequers_serial_rivers_large_a, amethyst_killhole,
          wad_floor_pattern_2, minmay_quantized

Skill      XL: |  1  2  3  4 |
---------------+-------------+-----
Dodging        | 3 4 5 |  5.0
Ranged Weapons | 5 |  5.1
Fighting       | 2 |  2.0
Stealth        | |  1.5

Action                     |  1- 3 |  4- 6 || total
---------------------------+-------+-------++-------
   Fire: Shortbow          |   102 |   103 ||   205
    Use: Scroll            |     1 |     8 ||     9
         Potion            |     1 |       ||     1
 Armour: Robe              |    11 |     6 ||    17
  Dodge: Dodged            |    37 |    19 ||    56

Table legend:
 A = Non-vault XP
 B = Vault XP
 C = Vault XP percentage of total XP
 D = Non-vault monster count
 E = Vault monster count
 F = Vault count percentage of total count
                 A         B        C        D         E       F
            +---------+---------+-------+---------+---------+-------
      Total |     178 |       4 |   2.2 |      64 |       2 |   3.0
            +---------+---------+-------+---------+---------+-------
        D:1 |      37 |       0 |   0.0 |      26 |       0 |   0.0
        D:2 |     102 |       0 |   0.0 |      25 |       0 |   0.0
        D:3 |      39 |       4 |   9.3 |      13 |       2 |  13.3
            +---------+---------+-------+---------+---------+-------
